 Dungeon Crawl Stone Soup version 0.14-a0-586-g2535b90 (webtiles) character file.

120 PolkaDot the Vexing (level 3, -4/24 HPs)
             Began as a Vampire Enchanter on Nov 4, 2013.
             Slain by an orc
             ... wielding a +1,+0 orcish flail of crushing
              (6 damage)
             ... on Level 3 of the Dungeon.
             The game lasted 00:05:21 (2045 turns).

PolkaDot the Vexing (Vampire Enchanter)             Turns: 2045, Time: 00:05:21

HP  -4/24        AC  3     Str  7      XL: 3   Next: 76%
MP   6/6         EV 18     Int 18      God:
Gold 62          SH  0     Dex 19      Spells:  1 memorised,  3 levels left

Res.Fire  : . . .   See Invis. : +   k - +1,+2 dagger (speed)
Res.Cold  : . . .   Warding    : .   b - +1 robe
Life Prot.: + . .   Conserve   : .   (no shield)
Res.Poison: .       Res.Corr.  : .   (no helmet)
Res.Elec. : .       Clarity    : .   (no cloak)
Sust.Abil.: . .     Spirit.Shd : .   (no gloves)
Res.Mut.  : .       Stasis     : .   (no boots)
Res.Rott. : .       Flight     : .   (no amulet)
Saprovore : . . .                    (no ring)
                                     (no ring)

@: agile, slightly resistant to hostile enchantments, very stealthy
A: fangs 3, see invisible, unbreathing
a: Bat Form


You were on level 3 of the Dungeon.
You were not thirsty.

You visited 1 branch of the dungeon, and saw 3 of its levels.

You collected 62 gold pieces.

Inventory:

Hand weapons
 k - a +1,+2 dagger of speed (weapon)
Missiles
 d - 9 darts (quivered)
Armour
 b - a +1 robe (worn)
Scrolls
 a - a scroll of fog {unknown}
 f - a scroll of enchant weapon II {unknown}
 g - a scroll of recharging {unknown}
 h - a scroll of identify {unknown}
 m - 2 scrolls of blinking {unknown}
Potions
 i - 3 potions of agility
 j - 3 potions of curing {unknown}
 l - a potion of speed {unknown}
Books
 c - a book of Maledictions

   Spells                             Type                      Level
   *Corona                            Hexes                        1
   Sure Blade                         Hexes/Charms                 2
   Ensorcelled Hibernation            Hexes/Ice                    2
   Confuse                            Hexes                        3
   Enslavement                        Hexes                        4
   Invisibility                       Hexes                        6


   Skills:
 * Level 2.7 Short Blades
 - Level 0.7 Throwing
 - Level 2.1 Dodging
 + Level 4.3 Stealth
 - Level 1.0 Spellcasting
 + Level 5.1 Hexes


You had 3 spell levels left.
You knew the following spells:

 Your Spells              Type           Power        Failure   Level  Hunger
a - Corona                Hex            ###....      2%          1    ##.....


Dungeon Overview and Level Annotations

Branches:
Dungeon (3/27)

Altars:
Trog


Innate Abilities, Weirdness & Mutations

You have razor-sharp teeth.*
You have supernaturally acute eyesight.
You can survive without breathing.*


Message History

You kill the orc!
You hit the orc but do no damage. The orc closely misses you.
You hit the orc but do no damage. You bite the orc.
The orc is moderately wounded.
You closely miss the orc. You bite the orc, but do no damage.
The orc is moderately wounded.
The orc misses you.
You closely miss the orc.
The orc is moderately wounded.
Drink which item? (? for menu, Esc to quit)
This tastes delicious!
The orc hits you with a glowing orcish flail!
* * * LOW HITPOINT WARNING * * *
An orc comes into view. It is wielding a club.
The orc moves out of view.
Drink which item? (? for menu, Esc to quit)
You feel more agile all of a sudden.
It was a potion of agility.
The orc hits you with a glowing orcish flail.
You die...

#.. #......# ...
..###......## #.#
.............. # #.#
######.....## #.# #.#
####.<...#
#...###.######.##.#.###
#..............#.#.####
##.....#.####.##.......
##.##@#...........####
.$ #o######.##...## .
#o# #>......# #.#
#.###%#.# #)# #.# #.#.#
..# #[# #.#.# ##.# #.#
#.#.# ... #.# #.#.# ..#
#.# #.#.#


You could see 2 orcs.

Vanquished Creatures
  2 adders (D:2)
  A worm (D:1)
  A giant gecko (D:1)
  An ooze (D:1)
  An orc (D:3)
  A giant cockroach (D:1)
  3 goblins (D:1)
  4 hobgoblins
  3 bats
  5 giant newts (D:2)
  5 kobolds
  6 rats
33 creatures vanquished.

Notes
Turn   | Place    | Note
--------------------------------------------------------------
     0 | D:1      | PolkaDot, the Vampire Enchanter, began the quest for the Orb.
     0 | D:1      | Reached XP level 1. HP: 13/13 MP: 4/4
   606 | D:1      | Reached XP level 2. HP: 4/19 MP: 5/5
  1408 | D:2      | Noticed a moth of wrath
  1410 | D:2      | Found a bloodstained altar of Trog.
  1451 | D:2      | Reached XP level 3. HP: 17/24 MP: 6/6
  1658 | D:2      | Reached skill level 5 in Hexes
  2045 | D:3      | Slain by an orc

Action                   || total
-------------------------++-------
Melee: Dagger            ||   171
Throw: Dart              ||    15
 Cast: Corona            ||     2
  Use: Potion            ||     2
 Stab: Sleeping          ||     2
